 Dungeon Crawl Stone Soup version 0.21.1-1-g345015f (webtiles) character file.

49 Mgcat the Insei (level 3, -3/28 HPs)
             Began as a Gnoll Transmuter on Mar 21, 2018.
             Slain by an ooze (4 damage)
             ... on level 3 of the Dungeon.
             The game lasted 00:03:12 (876 turns).

Mgcat the Insei (Gnoll Transmuter)                   Turns: 876, Time: 00:03:13

Health: -3/28      AC:  5    Str: 12 (13) XL:     3   Next: 77%
Magic:  7/9        EV: 14    Int: 12 (15) God:
Gold:   48         SH:  0    Dex: 12 (15) Spells: 9/12 levels left

rFire    . . .     SeeInvis .     - Unarmed
rCold    . . .     Gourm    .   (no shield)
rNeg     . . .     Faith    .   b - +0 robe
rPois    .         Spirit   .   m - +2 hat
rElec    .         Reflect  .   (no cloak)
rCorr    .         Harm     .   l - +0 pair of gloves
MR       .....                  (no boots)
Stlth    +.........             (no amulet)
HPRegen  0.09/turn              (no ring)
MPRegen  0.11/turn              (no ring)

@: lethally poisoned (-3 -> -8)
A: distributed training, fangs 1, strong nose
a: no special abilities


You were on level 3 of the Dungeon.
You were not hungry.

You visited 1 branch of the dungeon, and saw 3 of its levels.

You collected 48 gold pieces.

Inventory:

Missiles
 a - 7 arrows
Armour
 b - a +0 robe (worn)
 l - a +0 pair of gloves (worn)
   (You found it on level 2 of the Dungeon)
 m - a +2 hat (worn)
   (You found it on level 2 of the Dungeon)
Scrolls
 e - 5 scrolls of identify {unknown}
 j - 2 scrolls of remove curse {unknown}
Books
 c - a book of Changes
Comestibles
 d - a ration
 n - a chunk of flesh {@w0}


   Skills:
 + Level 2.6 Fighting
 + Level 0.9 Short Blades
 + Level 0.9 Long Blades
 + Level 0.9 Axes
 + Level 0.9 Maces & Flails
 + Level 0.9 Polearms
 + Level 0.9 Staves
 + Level 0.9 Slings
 + Level 0.9 Bows
 + Level 0.9 Crossbows
 + Level 0.9 Throwing
 + Level 0.9 Armour
 + Level 4.5 Dodging
 + Level 0.9 Stealth
 + Level 0.9 Shields
 + Level 6.5 Unarmed Combat
 + Level 5.0 Spellcasting
 + Level 0.6 Conjurations
 + Level 0.6 Hexes
 + Level 0.6 Charms
 + Level 0.6 Summonings
 + Level 0.6 Necromancy
 + Level 0.6 Translocations
 + Level 3.8 Transmutations
 + Level 0.6 Fire Magic
 + Level 0.6 Ice Magic
 + Level 0.6 Air Magic
 + Level 0.6 Earth Magic
 + Level 0.6 Poison Magic
 + Level 1.0 Invocations
 + Level 0.9 Evocations


You had 9 spell levels left.
You knew the following spells:

 Your Spells              Type           Power        Failure   Level  Hunger
a - Beastly Appendage     Tmut           ##....       4%          1    None
b - Sticks to Snakes      Tmut           ##......     6%          2    ##.....


Dungeon Overview and Level Annotations

Branches:
Dungeon (3/15)

Altars:


Innate Abilities, Weirdness & Mutations

Your experience applies equally to all skills.
You have very sharp teeth.
Your uncanny sense of smell can sniff out nearby items.


Message History

You punch the gnoll!
The gnoll is heavily wounded.
The gnoll closely misses you. The dart slug launches a dart at you.
The slug dart hits you!
You hit the gnoll. You claw the gnoll. Your bite misses the gnoll.
The gnoll is severely wounded.
The gnoll hits you with a spear.
* * * LOW HITPOINT WARNING * * *
Casting: Beastly Appendage
Confirm with . or Enter, or press ? or * to list all spells.
You create a snake!
You now have 8 arrows.
The gnoll hits you with a spear.
* * * LOW HITPOINT WARNING * * *
The dart slug bites you but does no damage.
The gnoll hits you with a spear.
* * * LOW HITPOINT WARNING * * *
Your ball python bites the dart slug.
Your ball python grabs the dart slug.
Your ball python constricts the dart slug.
The dart slug barely misses you.
You hit the gnoll.
You kill the gnoll!
Your Invocations skill increases to level 1!
Your ball python bites the dart slug.
Your ball python constricts the dart slug.
You hit the dart slug.
The dart slug is almost dead.
The dart slug completely misses you.
Your ball python bites the dart slug.
The dart slug dies!
Your transformation is almost over.
You see here a dart slug corpse.
You butcher the dart slug corpse.
n - a chunk of flesh {@w0}
Items here: )) †††† a flail; a club; an orc corpse; a rat corpse; a hobgoblin corpse; a bat corpse You hear a splashing noise.
There is a stone staircase leading up here.
You see here a stone.
Your talons disappear.
Magic restored.
Your ball python withers and dies!
You hear a shout!
You hear a shout!
An adder comes into view.
Casting: Sticks to Snakes
Confirm with . or Enter, or press ? or * to list all spells.
Your feet morph into talons.
Casting: Beastly Appendage
Confirm with . or Enter, or press ? or * to list all spells.
You create a snake!
You now have 7 arrows.
The adder misses you. The adder misses you.
You miss the adder. The adder bites you but does no damage.
Your adder barely misses the adder.
You closely miss the adder. The adder bites you.
You are poisoned.
The adder poisons you!
Your adder barely misses the adder.
You barely miss the adder.
You feel sick. The adder misses you.
Your adder misses the adder. You closely miss the adder. The adder bites you.
* * * LOW HITPOINT WARNING * * *
You are lethally poisoned!
The adder poisons you!
Your adder closely misses the adder.
The adder bites you but does no damage.
You hit the adder. Your kick misses the adder.
The adder is heavily wounded.
* * * LOW HITPOINT WARNING * * *
You feel sick.
Your adder bites the adder.
The adder is poisoned.
Your adder poisons the adder!
The adder bites you but does no damage.
Your adder misses the adder. You barely miss the adder.
Your kick misses the adder.
The adder is severely wounded.
The adder dies!
An ooze comes into view.
It was a potion of haste.
You feel yourself speed up.
* * * LOW HITPOINT WARNING * * *
You feel sick.
It was a potion of might.
You feel very mighty all of a sudden.
It was a potion of brilliance.
You feel clever all of a sudden.
Your transformation is almost over.
* * * LOW HITPOINT WARNING * * *
You feel sick.
It was a potion of degeneration.
There was something very wrong with that liquid.
You feel weakened.
You feel dopey.
You feel clumsy.
It was a potion of cancellation.
Your magical effects are unravelling.
You feel magically purged.
Your talons disappear.
You feel yourself slow down.
You feel a little less mighty now.
You feel a little less clever now.
* * * LOW HITPOINT WARNING * * *
You feel sick. The ooze barely misses your adder.
You see here an adder corpse.
You butcher the adder corpse.
* * * LOW HITPOINT WARNING * * *
You feel sick. The ooze misses your adder.
You see here a chunk of flesh {@w0}.
Unknown command.
The ooze hits you.
You die...

≈≈♣≈≈≈PPP#.#.###.#
≈♣PPP≈.....#..##.#
P≈≈P.#.....#..##.##
P....'........)...#
..<..#.....#.)##..#
.#####.....#..#<.(#
. .......#.#..#...#
......w.#.#..#%..#
.........#.#...S@.#
.♣.......#.##..J..#
.≈.......+.##..#.##
≈≈.≈..............
####.#.## ..#.#
..#.# ..#


You could see an ooze and a friendly adder.

Vanquished Creatures
  A gnoll (D:3)
  An adder (D:2)
  A dart slug (D:2)
  An orc (D:3)
  3 bats
  2 goblins (D:1)
  3 hobgoblins
  3 kobolds
  A quokka (D:2)
  A frilled lizard (D:2)
  2 rats
19 creatures vanquished.

Vanquished Creatures (collateral kills)
  An adder (D:3)
  A dart slug (D:3)
2 creatures vanquished.

Grand Total: 21 creatures vanquished

Notes
Turn   | Place    | Note
-------+----------+-------------------------------------------
     0 | D:1      | Mgcat the Gnoll Transmuter began the quest for the Orb.
     0 | D:1      | Reached XP level 1. HP: 17/17 MP: 6/6
   349 | D:1      | Reached XP level 2. HP: 19/23 MP: 5/7
   357 | D:1      | Learned a level 2 spell: Sticks to Snakes
   707 | D:2      | Reached XP level 3. HP: 28/28 MP: 9/9
   764 | D:3      | Reached skill level 5 in Spellcasting
   777 | D:3      | HP: 6/28 [gnoll/spear (2)]
   779 | D:3      | Reached skill level 1 in Invocations
   866 | D:3      | HP: 5/28 [adder (5)]
   871 | D:3      | HP: 2/28 [poisoned by an adder]
   876 | D:3      | Slain by an ooze

Skill      XL: |  1  2  3 |
---------------+----------+-----
Spellcasting   | 5 |  5.0
Invocations    | 1 |  1.0
Fighting       | |  2.6
Short Blades   | |  0.9
Long Blades    | |  0.9
Axes           | |  0.9
Maces & Flails | |  0.9
Polearms       | |  0.9
Staves         | |  0.9
Slings         | |  0.9
Bows           | |  0.9
Crossbows      | |  0.9
Throwing       | |  0.9
Armour         | |  0.9
Dodging        | |  4.5
Stealth        | |  0.9
Shields        | |  0.9
Unarmed Combat | |  6.5
Conjurations   | |  0.6
Hexes          | |  0.6
Charms         | |  0.6
Summonings     | |  0.6
Necromancy     | |  0.6
Translocations | |  0.6
Transmutations | |  3.8
Fire Magic     | |  0.6
Ice Magic      | |  0.6
Air Magic      | |  0.6
Earth Magic    | |  0.6
Poison Magic   | |  0.6
Evocations     | |  0.9

Action                   || total
-------------------------++-------
Melee: Unarmed           ||    57
       Kick              ||     8
       Bite              ||     3
       Punch             ||     1
       Headbutt          ||     2
 Cast: Beastly Appendage ||     9
       Sticks to Snakes  ||     5
  Use: Potion            ||     5
 Stab: Sleeping          ||     2
Armor: Robe              ||    19
Dodge: Dodged            ||    56

Vault maps used:
D:1:      minmay_arrival_widening_spiral_narrow
D:2:      dancing_weapons_uskayaw, first_ration
D:3:      ashenzari_altar_1, serial_bayou, serial_bayou_pond_b,
          serial_bayou_lake_a, serial_bayou_pond_c, serial_bayou_lagoon_a

Table legend:
 A = Turns spent in this place as a percentage of turns spent in the entire game.
 B = Non-inter-level travel turns spent in this place as a percentage of non-inter-level travel turns spent in the entire game.
 C = Inter-level travel turns spent in this place as a percentage of turns spent in this place.
 D = Turns resting spent in this place as a percentage of non-inter-level travel turns spent in this place.
 E = Turns spent auto-exploring this place as a percentage of non-inter-level travel turns spent in this place.
 F = Non-inter-level travel turns spent in this place divided by the number of levels of this place that you've seen.
                   A       B       C       D       E      F
               +-------+-------+-------+-------+-------+----------------------
         Total | 100.0 | 100.0 |   0.0 |   0.0 |  60.7 | 292.0
       Dungeon | 100.0 | 100.0 |   0.0 |   0.0 |  60.7 | 292.0
               +-------+-------+-------+-------+-------+----------------------

Table legend:
 A = Kills in this place as a percentage of kills in entire the game.
 B = Kills by you in this place as a percentage of kills by you in the entire game.
 C = Kills by friends in this place as a percentage of kills by friends in the entire game.
 D = Other kills in this place as a percentage of other kills in the entire game.
 E = Experience gained in this place as a percentage of experience gained in the entire game.
 F = Experience gained in this place divided by the number of levels of this place that you have seen.
                   A       B       C       D       E      F
               +-------+-------+-------+-------+-------+----------------------
         Total | 100.0 | 100.0 | 100.0 |   N/A | 100.0 |  23.7
       Dungeon | 100.0 | 100.0 | 100.0 |   N/A | 100.0 |  23.7
               +-------+-------+-------+-------+-------+----------------------
